 Dungeon Crawl Stone Soup version 0.31-a0-640-g39d97e502b (webtiles) character file.

Game seed: 10250182439447159863

16 GordonOverkill the Sneak (level 2, -1/16 HPs)
             Began as a Vine Stalker Delver on Aug 28, 2023.
             Slain by a scorpion (5 damage)
             ... on level 5 of the Dungeon.
             The game lasted 00:01:13 (194 turns).

GordonOverkill the Sneak (Vine Stalker Delver)       Turns: 194, Time: 00:01:14

Health: -1/16      AC:  3    Str: 14    XL:     2   Next: 58%
Magic:  0/3        EV: 11    Int: 10    God:
Gold:   14         SH:  0    Dex: 15    Spells: 1/1 levels left

rFire   . . .        a - +0 short sword
rCold   . . .        (no shield)
rNeg    . . .        b - +0 leather armour
rPois   .            (no helmet)
rElec   .            (no cloak)
rCorr   .            (no gloves)
SInv    .            (no boots)
Will    .....        (no amulet)
Stlth   +++          (no ring)
HPRegen 0.22/turn    (no ring)
MPRegen 0.08/turn

%: guardian spirit
@: lethally poisoned (-1 -> -3), hasted, very quick
A: fangs 2, magic shield, antimagic bite, no potion heal 2
a: no special abilities


You were on level 5 of the Dungeon.
You visited 1 branch of the dungeon, and saw 2 of its levels.

You collected 14 gold pieces.

Inventory:

Hand Weapons
 a - a +0 short sword (weapon)
 i - a +0 trident
Armour
 b - a +0 leather armour (worn)
 e - a +0 ring mail
Wands
 g - a wand of digging (3)
Scrolls
 c - a scroll of fog
 d - a scroll of revelation
 h - 3 scrolls of identify {unknown}
Potions
 j - a potion of cancellation {unknown}
 k - a potion of enlightenment {unknown}


   Skills:
 + Level 3.5 Fighting
 - Level 1.7 Short Blades
 - Level 1.5 Dodging
 - Level 6.0 Stealth


You had one spell level left.
You didn't know any spells.
Your spell library was empty.

Dungeon Overview and Level Annotations

Branches:
Dungeon (6/15)
 Temple: D:4-7

Altars:

Portals:
Ossuary: D:5


Innate Abilities, Weirdness & Mutations

You have extremely sharp teeth.
When hurt, damage is shared between your health and your magic reserves.
Your bite disrupts and absorbs the magic of your enemies.
Potions cannot restore your health.


Message History

e - a +0 ring mail An adder comes into view.
You open the door.
A mummy comes into view.
The adder hisses angrily.
Found a sand-covered staircase.
You miss the adder. You bite the adder, but do no damage.
The adder barely misses you. The adder bites you.
You closely miss the adder. You bite the adder. You drain its power.
The adder is moderately wounded.
The adder bites you but does no damage.
You barely miss the adder.
The adder is moderately wounded.
The adder bites you.
You closely miss the adder. You bite the adder. You drain its power.
You feel invigorated.
The adder is heavily wounded.
The adder barely misses you.
You hit the adder.
The adder is severely wounded.
The adder bites you.
You closely miss the adder. Your bite misses the adder.
The adder is severely wounded.
The adder bites you.
You are poisoned.
The adder poisons you!
You hit the adder. Your bite misses the adder.
The adder is almost dead.
You feel sick. The adder barely misses you. The adder bites you.
* * * LOW HITPOINT WARNING * * *
You closely miss the adder.
The adder is almost dead.
You feel sick. The adder closely misses you.
You hit the adder.
You kill the adder!
You feel sick.
You feel yourself speed up.
You feel sick. The scorpion stings you.
* * * LOW HITPOINT WARNING * * *
You feel sick. The scorpion attacks as it pursues you! The scorpion stings you.
You die...

###..............#.
..#..............#.
#.............>..(.
###................. ##M
#........#....... ##..
#......###...... ...
#.....###......
.#####'#####..#..........
........@s....##.........
......####.............#.
...#. ###..#.†........ .
.. ###............. ..
#..........#.... ..
.................. .
.?....#.....|......
.###.##...........#
..##............#


You could see a scorpion.

Vanquished Creatures
  An adder (D:5)
  A worm (D:5)
  2 orcs (D:5)
4 creatures vanquished.

Notes
Turn   | Place    | Note
-------+----------+-------------------------------------------
     0 | D:5      | GordonOverkill the Vine Stalker Delver began the quest for
                  | the Orb.
     0 | D:5      | Reached XP level 1. HP: 11/11 MP: 2/2
    80 | D:5      | Reached XP level 2. HP: 3/16 MP: 1/3
   159 | D:5      | Noticed a scorpion
   179 | D:5      | Found a sand-covered staircase.
   194 | D:5      | Slain by a scorpion

Illustrated notes

Levels and vault maps discovered:
D:5:      layout_cave_pools, gup_ossuary_entry_pyramid,
          hellmonk_ghost_happy_afterlife, chequers_jeans, uniq_pikel,
          uniq_blork_the_orc
D:6:      layout_rooms, uniq_maggie, uniq_grinder, uniq_eustachio

Skill      XL: |  1 |
---------------+----+-----
Fighting       | 3 |  3.5
Short Blades   | |  1.7
Dodging        | |  1.5
Stealth        | |  6.0

Action                     || total
---------------------------++-------
  Melee: Short sword       ||    22
         Bite              ||     8
    Use: Scroll            ||     1
         Potion            ||     1
 Armour: Leather armour    ||     4
  Dodge: Dodged            ||     7

Table legend: (Time is in decaauts)
 A = Elapsed time spent in this place.
 B = Non-inter-level travel time spent in this place.
 C = Inter-level travel time spent in this place.
 D = Time resting spent in this place.
 E = Time spent auto-exploring this place.
 F = Levels seen in this place.
 G = Mean time per level.
                   A        B        C        D        E       F      G
               +--------+--------+--------+--------+--------+-----+--------+
         Total |    192 |    192 |      0 |     65 |      0 |   2 |   96.0 |
       Dungeon |    192 |    192 |      0 |     65 |      0 |   2 |   96.0 |
               +--------+--------+--------+--------+--------+-----+--------+

Top non-repeatable levels by time:
     D:5: 190 daAuts
     D:6: 1 daAuts
